 Dungeon Crawl Stone Soup version 0.24-a0-10-gb84795d (webtiles) character file.

Game seed: 6605710665580246630

241 galech the Chopper (level 5, -8/42 HPs)
             Began as a Demonspawn Fighter on Jan 31, 2019.
             Killed by nerve-wracking pain
             ... invoked by Menkaure
              (13 damage)
             ... on level 4 of the Dungeon.
             The game lasted 00:03:31 (3029 turns).

galech the Chopper (Demonspawn Fighter)             Turns: 3029, Time: 00:03:32

Health: -8/42      AC: 17    Str: 21    XL:     5   Next: 80%
Magic:  5/5        EV:  4    Int:  9    God:
Gold:   121        SH:  9    Dex: 14    Spells: 4/4 levels left

rFire    . . .     SeeInvis .   a - +0 war axe
rCold    . . .     Gourm    .   c - +0 shield
rNeg     . . .     Faith    .   r - +0 plate armour
rPois    .         Spirit   .   (helmet restricted)
rElec    .         Reflect  .   (no cloak)
rCorr    .         Harm     .   (no gloves)
MR       .....                  (no boots)
Stlth    ..........             (no amulet)
HPRegen  0.14/turn              (no ring)
MPRegen  0.09/turn              (no ring)

@: mighty, lethally poisoned (-8 -> -11), sanguine armour
A: antennae 1, sanguine armour 1
a: no special abilities


You were on level 4 of the Dungeon.
You were not hungry.

You visited 1 branch of the dungeon, and saw 4 of its levels.

You collected 121 gold pieces.

Inventory:

Hand Weapons
 a - a +0 war axe (weapon)
Armour
 c - a +0 shield (worn)
 r - a +0 plate armour (worn)
Scrolls
 i - a scroll of teleportation {unknown}
 j - 3 scrolls of identify {unknown}
 l - 3 scrolls of magic mapping {unknown}
 n - a scroll of noise {unknown}
 o - a scroll of fear {unknown}
 p - a scroll of blinking {unknown}
 q - a scroll of remove curse {unknown}
Potions
 e - a potion of degeneration {unknown}
 h - 3 potions of curing {unknown}
 k - a potion of agility {unknown}
 m - a potion of mutation {unknown}
Comestibles
 f - 9 rations
 g - 5 chunks of flesh


   Skills:
 + Level 3.6 Fighting
 + Level 3.8 Axes
 + Level 3.7 Armour
 + Level 0.5 Dodging
 + Level 3.4 Shields


You had 4 spell levels left.
You didn't know any spells.
Your spell library was empty.

Dungeon Overview and Level Annotations

Branches:
Dungeon (4/15)
 Temple: D:4-7

Altars:
Zin

Annotations:
D:4 Menkaure


Innate Abilities, Weirdness & Mutations

You have a pair of small antennae on your head.
When seriously injured, your bleeding wounds create armour. (AC +6)


Message History

Menkaure is lightly damaged.
You miss the adder.
You feel sick. The adder bites you but does no damage.
Menkaure hits you but does no damage. The adder bites you but does no damage.
You hit Menkaure.
Menkaure is lightly damaged.
You closely miss the adder. You block the adder's attack.
Menkaure completely misses you. The adder bites you but does no damage.
Unknown command.
Your shield and plate armour prevent you from hitting Menkaure.
Menkaure is lightly damaged.
You slash the adder!
You kill the adder!
You feel sick. Menkaure hits you but does no damage.
You slash Menkaure!
Menkaure is almost destroyed.
Menkaure gestures wildly while chanting.
Menkaure seems to speed up.
Menkaure gestures at you while chanting.
Pain shoots through your body!
You die...

#.#### %
.....### #$=
#...###..#?$
#.<.@M...###
#.).†.......
#...........
#....(....##
#...>...(.#
#.........#
....#######
######


You could see Menkaure.

Vanquished Creatures
  A scorpion (D:3)
  An orc wizard (D:3)
  Robin (D:2)
  5 adders
  An ooze (D:2)
  A worm (D:2)
  3 dart slugs
  A leopard gecko (D:2)
  7 orcs (D:3)
  3 giant cockroaches
  18 goblins
  11 hobgoblins
  11 kobolds
  A quokka (D:2)
  3 ball pythons
  11 bats
  A frilled lizard (D:3)
  10 rats
90 creatures vanquished.

Notes
Turn   | Place    | Note
-------+----------+-------------------------------------------
     0 | D:1      | galech the Demonspawn Fighter began the quest for the Orb.
     0 | D:1      | Reached XP level 1. HP: 18/18 MP: 1/1
   221 | D:1      | Gained mutation: You have a pair of small antennae on your
                  | head. [demonic ancestry]
   221 | D:1      | Reached XP level 2. HP: 18/24 MP: 2/2
  1073 | D:2      | Noticed Robin
  1110 | D:1      | Reached XP level 3. HP: 13/29 MP: 3/3
  1500 | D:2      | Killed Robin
  1604 | D:2      | Found a glowing silver altar of Zin.
  1637 | D:2      | Reached XP level 4. HP: 8/35 MP: 4/4
  2336 | D:3      | Gained mutation: When seriously injured, your bleeding
                  | wounds create armour. (AC +6) [demonic ancestry]
  2336 | D:3      | Reached XP level 5. HP: 16/41 MP: 5/5
  3018 | D:4      | Noticed Menkaure
  3029 | D:4      | Killed from afar by Menkaure

Vault maps used:
D:1:      eino_arrival_water_star
D:2:      zin_statuary, uniq_robin
D:3:      first_ration, minivault_24, minmay_ruptured
D:4:      due_unseen_surprise, uniq_menkaure

Skill      XL: |  1  2  3  4 |
---------------+-------------+-----
Armour         | 3 |  3.7
Axes           | 2 3 |  3.8
Shields        | 3 |  3.4
Fighting       | |  3.6
Dodging        | |  0.5

Action                   |  1- 3 |  4- 6 || total
-------------------------+-------+-------++-------
Melee: War axe           |   122 |   138 ||   260
  Use: Potion            |       |     2 ||     2
  Eat: Chunk             |     2 |     5 ||     7
Armor: Scale mail        |    63 |    56 ||   119
       Plate armour      |       |    59 ||    59
Dodge: Dodged            |    39 |    42 ||    81
Block: Shield            |    90 |    85 ||   175

Table legend:
 A = Non-vault XP
 B = Vault XP
 C = Vault XP percentage of total XP
 D = Non-vault monster count
 E = Vault monster count
 F = Vault count percentage of total count
                 A         B        C        D         E       F
            +---------+---------+-------+---------+---------+-------
      Total |     288 |      57 |  16.5 |      73 |      17 |  18.9
            +---------+---------+-------+---------+---------+-------
        D:1 |      37 |      15 |  28.8 |      16 |       8 |  33.3
        D:2 |      86 |      23 |  21.1 |      29 |       5 |  14.7
        D:3 |     152 |      19 |  11.1 |      27 |       4 |  12.9
        D:4 |      13 |       0 |   0.0 |       1 |       0 |   0.0
            +---------+---------+-------+---------+---------+-------
